 Dungeon Crawl Stone Soup version 0.28.0-62-gf88900778d (webtiles) character file.

Game seed: 16133986335244289808

15 cbfl8 the Chopper (level 2, 0/27 HPs)
             Began as a Minotaur Monk on Sept 12, 2023.
             Succumbed to a gnoll's poison
             ... on level 1 of the Dungeon.
             The game lasted 00:01:10 (316 turns).

cbfl8 the Chopper (Minotaur Monk)                    Turns: 316, Time: 00:01:10

Health: 0/27       AC:  2    Str: 15    XL:     2   Next: 34%
Magic:  1/1        EV: 13    Int:  7    God:
Gold:   0          SH:  0    Dex: 12    Spells: 1/1 levels left

rFire   . . .      SeeInvis .   a - +0 hand axe
rCold   . . .      Faith    .   (no shield)
rNeg    . . .      Spirit   .   b - +0 robe
rPois   .          Reflect  .   (helmet restricted)
rElec   .          Harm     .   (no cloak)
rCorr   .          Rampage  .   (no gloves)
Will    .....                   (no boots)
Stlth   ++........              (no amulet)
HPRegen 0.09/turn               (no ring)
MPRegen 0.07/turn               (no ring)

@: lethally poisoned (0 -> -5)
A: horns 2, retaliatory headbutt
a: no special abilities


You were on level 1 of the Dungeon.
You visited 1 branch of the dungeon, and saw 1 of its levels.

Inventory:

Hand Weapons
 a - a +0 hand axe (weapon)
Armour
 b - a +0 robe (worn)


   Skills:
 + Level 3.9 Fighting
 + Level 4.0 Axes
 + Level 3.5 Dodging
 + Level 1.7 Stealth


You had one spell level left.
You didn't know any spells.
Your spell library was empty.

Dungeon Overview and Level Annotations

Branches:
Dungeon (1/15)

Altars:


Innate Abilities, Weirdness & Mutations

You have a pair of horns on your head.
You reflexively headbutt those who attack you in melee.


Message History

The jackal bites you but does no damage.
The jackal misses you.
Unknown command.
You closely miss the jackal.
The jackal is severely wounded.
You hit the jackal.
The jackal bites you but does no damage.
The jackal closely misses you. You furiously retaliate!
You headbutt the jackal!
You kill the jackal!
The jackal bites you.
You barely miss the jackal.
The jackal is severely wounded.
You closely miss the gnoll. The jackal closely misses you.
The gnoll closely misses you. You furiously retaliate!
You headbutt the gnoll, but do no damage.
Unknown command.
You barely miss the jackal. Your headbutt misses the jackal.
The jackal is heavily wounded.
You hit the gnoll but do no damage. The jackal closely misses you.
The gnoll hits you with a +1 whip of venom!
You are lethally poisoned!
The jackal closely misses you. You furiously retaliate!
You headbutt the jackal.
You kill the jackal!
You are too injured to fight recklessly!
Unknown command.
You are too injured to fight recklessly!
Unknown command.
You are too injured to fight recklessly!
You aren't carrying any potions.
* * * LOW HITPOINT WARNING * * *
You feel very sick.
* * * LOW HITPOINT WARNING * * *
You feel very sick.
* * * LOW HITPOINT WARNING * * *
You feel sick.
* * * LOW HITPOINT WARNING * * *
You feel sick.
You die...

#....##....##
#.>.......... .#
#...........#..#
.##....†....#.#..
......†..#.#....
.....####.#....# .# ....
...#.#....#..#
.....##.#g#.......#
.......@...........
....###.#+#.#.##### .
#........# #........#
#........+
#########........#
.................+
###.....##.......#########
#.....##....)...........


You could see a gnoll.

Vanquished Creatures
  A ball python (D:1)
  A bat (D:1)
  2 endoplasms (D:1)
  2 giant cockroaches (D:1)
  4 jackals (D:1)
  A frilled lizard (D:1)
  A goblin (D:1)
12 creatures vanquished.

Notes
Turn   | Place    | Note
-------+----------+-------------------------------------------
     0 | D:1      | cbfl8 the Minotaur Monk began the quest for the Orb.
     0 | D:1      | Reached XP level 1. HP: 19/19 MP: 0/0
   271 | D:1      | Reached XP level 2. HP: 27/27 MP: 1/1
   308 | D:1      | Reached skill level 4 in Axes
   315 | D:1      | HP: 1/27 [poisoned by a gnoll]
   316 | D:1      | Succumbed to a gnoll's poison

Illustrated notes

Levels and vault maps discovered:
D:1:      beargit_arrival_greenhouse, layout_basic,
          chequers_serial_rivers_micro_b, chequers_serial_rivers_micro_e,
          hex_medium, minmay_nonomino_d4

Skill      XL: |  1  2 |
---------------+-------+-----
Axes           | 4 |  4.0
Fighting       | |  3.9
Dodging        | |  3.5
Stealth        | |  1.7

Action                   || total
-------------------------++-------
Melee: Hand axe          ||    24
       Headbutt          ||     7
       Punch             ||     1
Armor: Robe              ||     7
Dodge: Dodged            ||    20
